 Dungeon Crawl Stone Soup version 0.20.1-1-g8b1a95d (webtiles) character file.

1590 Monsterracer the Archer (level 8, -17/65 HPs)
             Began as a Barachi Arcane Marksman on Aug 24, 2017.
             Demolished by an ogre
             ... wielding a +0 giant club
              (19 damage)
             ... on level 6 of the Dungeon.
             The game lasted 00:15:44 (7583 turns).

Monsterracer the Archer (Barachi Arcane Marksman)   Turns: 7583, Time: 00:15:45

Health: -17/65     AC:  6    Str: 15    XL:     8   Next: 92%
Magic:  0/18       EV: 10    Int: 13    God:
Gold:   395        SH:  0    Dex: 12    Spells: 5/9 levels left

rFire    . . .     SeeInvis .   b - +4 quarterstaff (chaos)
rCold    . . .     Gourm    .   (shield currently unavailable)
rNeg     . . .     Faith    .   e - +0 scale mail
rPois    .         Spirit   +   (no helmet)
rElec    .         Reflect  .   n - +1 cloak
rCorr    .         Harm     .   q - +1 pair of gloves
MR       .....                  (no boots)
Stlth    ..........             s - amulet of guardian spirit
Regen    0.2/turn               t - ring of flight
MPRegen  0.2/turn               C - ring of magical power

@: corroded, slow
A: +LOS, swims, slowness 1, strong legs 1
a: Hop, Evoke Flight


You were on level 6 of the Dungeon.
You were not hungry.

You visited 1 branch of the dungeon, and saw 6 of its levels.

You collected 395 gold pieces.

Inventory:

Hand Weapons
 a - a +0 shortbow
 b - a +4 quarterstaff of chaos (weapon)
Missiles
 d - 94 arrows
 w - 3 throwing nets (quivered)
Armour
 e - a +0 scale mail (worn)
 n - a +1 cloak (worn)
 q - a +1 pair of gloves (worn)
 y - a +0 plate armour
Jewellery
 s - an amulet of guardian spirit (around neck)
 t - a ring of flight (left hand)
 C - a ring of magical power (right hand)
Wands
 B - a wand of digging (20/24)
Scrolls
 h - 5 scrolls of remove curse
 j - 5 scrolls of teleportation
 x - a scroll of enchant weapon
Potions
 c - a potion of invisibility
 i - a potion of flight
 k - 2 potions of heal wounds
 l - 2 potions of magic
 m - 2 potions of agility
 o - a potion of ambrosia
 r - 4 potions of curing
 u - 2 potions of cancellation {unknown}
 v - a potion of mutation {unknown}
 z - a potion of haste {unknown}
 A - a potion of lignification {unknown}
Comestibles
 f - 8 bread rations
 g - 4 meat rations
 p - 3 royal jellies


   Skills:
 + Level 6.3 Fighting
 * Level 4.3 Staves
 * Level 8.4 Bows
 + Level 2.6 Armour
 - Level 2.1 Dodging
 - Level 1.1 Spellcasting
 - Level 3.2 Hexes


You had 5 spell levels left.
You knew the following spells:

 Your Spells              Type           Power        Failure   Level  Hunger
a - Corona                Hex            #......      28%         1    ##.....
b - Portal Projectile     Hex/Tloc       #.....       85%         3    ####...


Dungeon Overview and Level Annotations

Branches:
Dungeon (6/15)
 Temple: D:4-7

Altars:
Gozag

Shops:
D:5 [

Annotations:
D:6 Blork the orc


Innate Abilities, Weirdness & Mutations

Shadows flee at your approach. (+LOS)
You can swim through water.
You cover ground slowly.
You can hop short distances.


Message History

The crimson imp blinks!
You barely miss the ogre. The ogre hits you with a giant club!
Huge Dmg: -14%(-9hp) hp: 53%(34hp)
You hit the ogre. Lightning courses through the ogre!
The ogre is severely wounded.
The ogre hits you with a giant club!!
* * * LOW HITPOINT WARNING * * *
Huge Dmg: -29%(-19hp) hp: 24%(15hp)
You hit the ogre.
The ogre is poisoned.
The ogre is severely wounded.
You closely miss the ogre.
The ogre is almost dead.
The ogre hits you with a giant club!!
* * * LOW MAGIC WARNING * * *
* * * LOW HITPOINT WARNING * * *
The worker ant zombie barely misses the ogre.
Huge Dmg: -21%(-14hp) hp: 4%(2hp)
The crimson imp hits you but does no damage.
The ogre hits you with a giant club!!
You die...

.............#...#### #.###.
.............#...# #...#.
####.###.....#...# #######.#.
...#.# ##....#...# #.......#.
...#.#########...#######.#######.
..........))..............<..# #.
####.....####.##########.#.#.###.
####### ##.###### #.#.#.....
#...#@#.# #.#.#####.
#..#..#O######.#.# #.
#..###.5#.#.....#.# #. #..#
##..##.#####.# #. #..#
##Z.#.#####.# ## #.#
##.#...#...###### #.
#.Z###.#.#....... # #OJ##
#.#.#######. #..# #.#.# #.


You could see an ogre.

Vanquished Creatures
  Grinder (D:3)
  Sigmund (D:2)
  A phantom (D:4)
  An ogre (D:5)
  A water moccasin skeleton (D:6)
  A scorpion (D:3)
  2 howler monkeys
  3 crimson imps
  A quasit (D:6)
  A jelly (D:6)
  2 bullfrog skeletons (D:5)
  3 orc priests
  A centaur skeleton (D:4)
  A hound (D:6)
  Crazy Yiuf (D:2)
  2 orc wizards
  An iguana (D:4)
  5 worker ants
  Natasha (thrice) (D:3)
  4 gnolls (D:5)
  3 adders
  A shadow imp (D:5)
  3 oozes (D:2)
  An adder zombie (D:5)
  3 adder skeletons (D:4)
  2 dart slugs
  4 worms
  7 leopard geckos
  10 orcs
  8 giant cockroaches
  5 goblins
  7 hobgoblins
  7 jackals
  5 quokkas
  11 bats
  5 frilled lizards
  7 kobolds
  A leopard gecko skeleton (D:5)
  4 rats
130 creatures vanquished.

Vanquished Creatures (others)
  An orc wizard (D:4)
1 creature vanquished.

Grand Total: 131 creatures vanquished

Notes
Turn   | Place    | Note
-------+----------+-------------------------------------------
     0 | D:1      | Monsterracer the Barachi Arcane Marksman began the quest for the Orb.
     0 | D:1      | Reached XP level 1. HP: 15/15 MP: 2/2
   103 | D:1      | HP: 7/15 [leopard gecko (1)]
   499 | D:1      | HP: 6/15 [dart slug (2)]
   501 | D:1      | Reached XP level 2. HP: 8/21 MP: 3/3
  1206 | D:1      | Reached skill level 3 in Bows
  1686 | D:2      | Reached XP level 3. HP: 27/27 MP: 4/4
  1768 | D:2      | Found a faded altar of an unknown god.
  1793 | D:2      | HP: 12/27 [worm (7)]
  1797 | D:2      | HP: 2/27 [worm (10)]
  2122 | D:2      | Learned a level 3 spell: Portal Projectile
  2569 | D:2      | Reached XP level 4. HP: 23/34 MP: 3/5
  2766 | D:2      | Noticed Sigmund
  2779 | D:2      | Killed Sigmund
  2779 | D:2      | Reached skill level 5 in Bows
  2779 | D:2      | Reached XP level 5. HP: 42/42 MP: 4/6
  2779 | D:2      | Reached XP level 6. HP: 48/48 MP: 4/7
  3092 | D:3      | HP: 18/48 [orc priest/divine providence (10)]
  3104 | D:2      | HP: 17/48 [leopard gecko (3)]
  3109 | D:2      | HP: 15/48 [leopard gecko (1)]
  3383 | D:3      | Noticed Grinder
  3400 | D:3      | Paralysed by Grinder for 4 turns
  3409 | D:3      | Killed Grinder
  3409 | D:3      | Reached skill level 6 in Bows
  3409 | D:3      | Reached XP level 7. HP: 44/55 MP: 6/8
  3546 | D:3      | HP: 27/55 [orc priest/war axe (1)]
  3554 | D:3      | Reached skill level 5 in Fighting
  3703 | D:3      | HP: 26/56 [worm (5)]
  3713 | D:3      | HP: 20/56 [frilled lizard (1)]
  4319 | D:3      | Found a runed door.
  4324 | D:3      | Noticed Crazy Yiuf
  4324 | D:3      | Noticed Natasha
  4375 | D:2      | Killed Crazy Yiuf
  4559 | D:3      | Killed Natasha
  4760 | D:3      | Noticed Natasha
  4771 | D:3      | Killed Natasha
  4794 | D:3      | Noticed Natasha
  4798 | D:3      | Killed Natasha
  4907 | D:3      | Reached skill level 7 in Bows
  4932 | D:3      | HP: 28/56 [poisoned by a scorpion]
  5137 | D:4      | Reached skill level 1 in Staves
  5382 | D:4      | Found an opulent altar of Gozag.
  5392 | D:4      | Reached XP level 8. HP: 34/64 MP: 9/9
  5405 | D:4      | HP: 32/64 [orc wizard/puff of frost (1)]
  5420 | D:4      | HP: 28/64 [orc/flail (1)]
  5423 | D:4      | Reached skill level 1 in Armour
  5429 | D:4      | HP: 29/64 [orc/flail (1)]
  6136 | D:5      | Entered Level 5 of the Dungeon
  6584 | D:5      | Found Oghoffere's Antique Armour Shoppe.
  6784 | D:5      | HP: 20/64 [ogre/giant spiked club (19)]
  6787 | D:5      | Reached skill level 8 in Bows
  7169 | D:6      | Noticed Blork the orc
  7579 | D:6      | HP: 15/65 [ogre/giant club (19)]
  7581 | D:6      | HP: 2/65 [ogre/giant club (14)]
  7583 | D:6      | Demolished by an ogre

Skill      XL: |  1  2  3  4  5  6  7  8 |
---------------+-------------------------+-----
Bows           | 3 5 6 7 8 |  8.4
Fighting       | 2 3 4 5 6 |  6.3
Staves         | 1 4 |  4.3
Armour         | 2 |  2.6
Dodging        | |  2.1
Spellcasting   | |  1.1
Hexes          | |  3.2

Action                   |  1- 3 |  4- 6 |  7- 9 || total
-------------------------+-------+-------+-------++-------
Melee: Unarmed           |    20 |       |    10 ||    30
       Dagger            |   190 |   113 |    85 ||   388
       Quarterstaff      |       |       |   241 ||   241
 Fire: Shortbow          |    20 |    55 |    57 ||   132
 Cast: Corona            |     1 |       |       ||     1
 Abil: Hop               |     1 |     1 |     1 ||     3
  Use: Potion            |       |     1 |       ||     1
       Scroll            |       |       |    16 ||    16
 Stab: Sleeping          |     1 |       |       ||     1
  Eat: Chunk             |     5 |     3 |    16 ||    24
Armor: Robe              |    44 |       |       ||    44
       Ring mail         |    15 |    68 |       ||    83
       Chain mail        |       |       |    81 ||    81
       Plate armour      |       |       |    44 ||    44
       Skin              |       |       |     2 ||     2
       Scale mail        |       |       |    86 ||    86
Dodge: Dodged            |   166 |    90 |   183 ||   439
